 Dungeon Crawl Stone Soup version 0.17.1-2-g5865329 (webtiles) character file.

131 Metrazal the Ducker (level 4, 0/22 HPs)
             Began as a Spriggan Assassin on Feb 6, 2016.
             Slain by a gnoll
             ... wielding a +0 spear
              (5 damage)
             ... on level 3 of the Dungeon.
             The game lasted 00:31:53 (2477 turns).

Metrazal the Ducker (Spriggan Assassin)             Turns: 2477, Time: 00:31:53

Health: 0/22       AC:  3    Str:  7    XL:     4   Next: 91%
Magic:  5/5        EV: 18    Int: 15    God:
Gold:   104        SH:  0    Dex: 18    Spells: 0 memorised, 3 levels left

rFire  . . .     SeeInvis +     b - +0 blowgun
rCold  . . .     Clarity  .     c - +0 robe
rNeg   . . .     SustAt   .     (shield restricted)
rPois  .         Gourm    .     (helmet restricted)
rElec  .         Spirit   .     d - +0 cloak
rCorr  .         Warding  .     (gloves unavailable)
rMut   .         Stasis   .     (boots unavailable)
MR     .....                    (no amulet)
Stlth  ++++......               (no ring)
                                z - +3 ring of intelligence

@: very quick, not resistant to hostile enchantments, stealthy
A: unfitting armour, see invisible, herbivore 3, speed 3, slow metabolism 2
a: no special abilities


You were on level 3 of the Dungeon.
You were not hungry.

You visited 1 branch of the dungeon, and saw 3 of its levels.

You collected 104 gold pieces.

Inventory:

Hand Weapons
 a - a +2 dagger
 b - a +0 blowgun (weapon)
Missiles
 f - 2 curare-tipped needles (quivered)
 h - 40 stones
 m - 26 arrows
 w - 14 sling bullets
Armour
 c - a +0 robe (worn)
 d - a +0 cloak (worn)
Jewellery
 z - a +3 ring of intelligence (left hand)
Scrolls
 i - a scroll of noise {unknown}
 j - 2 scrolls of identify {unknown}
 l - a scroll of remove curse {unknown}
 o - a scroll of enchant armour {unknown}
 q - 2 scrolls of random uselessness {unknown}
 r - 2 scrolls of enchant weapon {unknown}
 s - 2 scrolls of recharging {unknown}
 t - 2 scrolls of teleportation {unknown}
 y - 2 scrolls of magic mapping {unknown}
Potions
 k - 4 potions of curing {unknown}
 p - a potion of ambrosia {unknown}
 u - a potion of poison {unknown}
 v - a potion of heal wounds {unknown}
 x - 3 potions of haste {unknown}
Comestibles
 g - 2 bread rations
 n - a slice of pizza


   Skills:
 - Level 1.5 Fighting
 - Level 2.1 Short Blades
 - Level 2.0 Throwing
 + Level 7.0 Dodging
 - Level 5.8 Stealth


You had 3 spell levels left.
You didn't know any spells.

Dungeon Overview and Level Annotations

Branches:
Dungeon (3/15)

Altars:
Okawaru
Trog

Annotations:
D:3 ShansongY's ghost, amateur DECj


Innate Abilities, Weirdness & Mutations

You are tiny and cannot use many weapons and most armour.
You have supernaturally acute eyesight.
You are a herbivore.
You cover ground extremely quickly.
You need consume almost no food.


Message History

Wield which item (- for none, * to show all)? (? for menu, Esc to quit)
b - a +0 blowgun (weapon)
2 gnolls come into view.
The gnoll shouts!
The gnoll moves out of view.
A gnoll comes into view. It is wielding a spear.
Firing (i - inventory. (,) - cycle):
e - a poisoned needle (quivered)
Press: ? - help, Shift-Dir - straight line, f - gnoll
Aim: a gnoll, wielding a halberd You shoot a poisoned needle.
The poisoned needle hits the gnoll!
The gnoll is poisoned.
The gnoll moves out of view.
There is a stone staircase leading up here.
A gnoll comes into view. It is wielding a spear.
The gnoll misses you.
The gnoll hits you from afar with a spear.
The gnoll hits you from afar with a halberd!
Ouch! That really hurt!
* * * LOW HITPOINT WARNING * * *
The gnoll hits you from afar with a spear.
You die...

#.....#......
#....#...####...#
.........#
#...###
##..##.###
#.....# #.# ##
##.....#
#......####
#.........#.
#...........
##...@......#
#.......###.#
#.###gg...... #
#...###.# #.....#
#..#g#.# .....#.#
..?...# #
###.#...


You could see 3 gnolls.

Vanquished Creatures
  6 adders
  2 oozes (D:1)
  A giant gecko (D:2)
  A ball python (D:2)
  5 giant cockroaches
  9 hobgoblins
  9 kobolds
  5 quokkas (D:2)
  10 bats
  A giant newt (D:2)
  10 goblins
  2 jackals (D:2)
  6 rats
  A plant (D:1)
68 creatures vanquished.

Notes
Turn   | Place    | Note
--------------------------------------------------------------
     0 | D:1      | Metrazal the Spriggan Assassin began the quest for the Orb.
     0 | D:1      | Reached XP level 1. HP: 10/10 MP: 2/2
   166 | D:1      | Reached XP level 2. HP: 14/14 MP: 3/3
   790 | D:1      | Reached XP level 3. HP: 14/18 MP: 4/4
  1127 | D:2      | Reached skill level 5 in Dodging
  1226 | D:2      | Found a bloodstained altar of Trog.
  1421 | D:2      | Reached XP level 4. HP: 22/22 MP: 5/5
  1529 | D:2      | Reached skill level 6 in Dodging
  1707 | D:3      | Noticed ShansongY's ghost (amateur DECj)
  1756 | D:3      | Found an iron altar of Okawaru.
  2310 | D:2      | Reached skill level 7 in Dodging
  2477 | D:3      | Slain by a gnoll

Action                   |  1- 3 |  4- 6 || total
-------------------------+-------+-------++-------
Melee: Dagger            |   143 |    57 ||   200
 Fire: Blowgun           |    52 |    20 ||    72
Throw: Stone             |     1 |       ||     1
 Stab: Sleeping          |    37 |     4 ||    41
       Distracted        |       |     1 ||     1
